 Dungeon Sprint DCSS version 0.16-a0-3246-g12054e0 (webtiles) character file.

1458 BluebellGnoll the Bludgeoner (level 8, -1/89 HPs)
             Began as an Ogre Venom Mage on Dec 22, 2014.
             Was a Priest of Okawaru.
             Slain by a spiny frog (16 damage)
             ... in the Dungeon (Sprint IX: "|||||||||||||||||||||||||||||").
             The game lasted 00:06:01 (1105 turns).

BluebellGnoll the Bludgeoner (Ogre Venom Mage)      Turns: 1105, Time: 00:06:01

Health: -1/89      AC: 10    Str: 14    XL:     8   Next: 76%
Magic:  26/26      EV: 14    Int: 16    God:    Okawaru [***...]
Gold:   26         SH:  0    Dex: 10    Spells: 2 memorised, 22 levels left

rFire  . . .     SeeInvis .     n - +2 dire flail (protect)
rCold  . . .     Clarity  .     a - +0 robe
rNeg   . . .     SustAb   .     (shield restricted)
rPois  .         Gourm    .     (helmet restricted)
rElec  .         Spirit   .     (no cloak)
rCorr  .         Warding  .     (gloves unavailable)
rMut   .         NoTele   +     (boots unavailable)
MR     .....                    (no amulet)
Stlth  +.........               p - +2 ring of evasion
                                o - +2 ring of protection

@: not resistant to hostile enchantments, very unstealthy
A: unfitting armour, tough skin 1
a: Heroism, Renounce Religion


You were in the Dungeon.
You worshipped Okawaru.
Okawaru was most pleased with you.
You were hungry.

You visited 1 branch You collected 26 gold pieces.

Inventory:

Hand weapons
 n - a +2 dire flail of protection (weapon)
Armour
 a - a +0 robe (worn)
Magical staves
 m - an uncursed staff of energy
Jewellery
 o - a +2 ring of protection (left hand)
 p - a +2 ring of evasion (right hand)
Magical devices
 l - a wand of draining (2)
Scrolls
 h - 5 scrolls of remove curse
 i - 4 scrolls of blinking
 k - 2 scrolls of amnesia
 s - a scroll of identify
Potions
 d - 5 potions of curing
 e - 4 potions of heal wounds
 f - a potion of invisibility
 g - 4 potions of magic
 j - a potion of might
 q - 2 potions of cure mutation
Books
 b - a Young Poisoner's Handbook

   Spells                             Type                      Level
   a - Sting                          Conjuration/Poison           1
   b - Cure Poison                    Poison                       2
   c - Mephitic Cloud                 Conjuration/Poison/Air       3
   d - Olgreb's Toxic Radiance        Poison                       4
   e - Venom Bolt                     Conjuration/Poison           5
Comestibles
 c - a meat ration
 r - a slice of pizza


   Skills:
 - Level 8.5 Fighting
 + Level 16.5 Maces & Flails
 - Level 7.1 Dodging
 - Level 1.5 Stealth
 - Level 9.9 Spellcasting
 - Level 2.9 Poison Magic


You had 22 spell levels left.
You knew the following spells:

 Your Spells              Type           Power        Failure   Level  Hunger
a - Sting                 Conj/Pois      ##..         8%          1    None
b - Mephitic Cloud        Conj/Pois/Air  ##......     21%         3    None


Dungeon Overview and Level Annotations

Branches:
Dungeon (1/1)

Altars:
Cheibriados
Dithmenos
Elyvilon
Fedhas
Gozag
Kikubaaqudgha
Makhleb
Nemelex Xobeh
Okawaru
Qazlal
Ru
Sif Muna
Trog
Vehumet
Xom
Yredelemnul
Zin
The Shining One
Beogh
Jiyva
Lugonu


Innate Abilities, Weirdness & Mutations

You are too large for most types of armour.
You have tough skin (AC +1).


Message History

The spiny frog is moderately wounded.
Drink which item? (? for menu, Esc to quit)
You feel better.
The spiny frog stings you but does no damage.
The spiny frog stings you.
* * * LOW HITPOINT WARNING * * *
You barely miss the spiny frog.
The spiny frog is moderately wounded.
You hit the spiny frog but do no damage.
The spiny frog is moderately wounded.
The spiny frog stings you!
* * * LOW HITPOINT WARNING * * *
You hit the spiny frog but do no damage.
The spiny frog is moderately wounded.
The spiny frog completely misses you.
You sock the spiny frog!
The spiny frog is heavily wounded.
Drink which item? (? for menu, Esc to quit)
You feel much better. The spiny frog stings you!
You die...

▓+▓.▓_▓
▓.▓.▓_▓
▓.▓.▓_▓
▓.▓.▓_▓
▓.▓.▓_▓
▓.▓.▓_▓
▓.▓.▓_▓
▓F▓.▓_▓
▓@▓.▓_▓
▓†▓.▓_▓
▓†▓.▓_▓
▓.▓.▓_▓
▓.▓.▓_▓
▓.▓.▓_▓
▓.▓.▓'▓
▓.▓.▓.▓
▓.▓.▓.▓


You could see a spiny frog.

Vanquished Creatures
  A spiny frog (D)
  A troll (D)
  A hippogriff (D)
  A water moccasin (D)
  A necrophage (D)
  An ice beast (D)
  An eye of draining (D)
  An ogre (D)
  A centaur (D)
  A crocodile (D)
  A giant frog (D)
  A jelly (D)
  A hound (D)
  An iguana (D)
  3 adders (D)
  A river rat (D)
  An orc (D)
  A bat skeleton (D)
  3 hobgoblins (D)
  3 kobolds (D)
  A quokka (D)
  A bat (D)
  A giant gecko skeleton (D)
  A jackal zombie (D)
30 creatures vanquished.

Notes
Turn   | Place    | Note
--------------------------------------------------------------
     0 | D        | BluebellGnoll, the Ogre Venom Mage, began the quest for the Orb.
     0 | D        | Reached XP level 1. HP: 16/16 MP: 3/3
     7 | D        | Reached skill level 3 in Spellcasting
    16 | D        | Reached skill level 4 in Spellcasting
   331 | D        | Noticed a centaur
   349 | D        | Reached XP level 2. HP: 21/24 MP: 2/8
   355 | D        | Reached skill level 6 in Spellcasting
   365 | D        | Killed a centaur
   365 | D        | Reached skill level 9 in Spellcasting
   365 | D        | Reached XP level 3. HP: 8/31 MP: 3/18
   365 | D        | Reached XP level 4. HP: 10/39 MP: 3/20
   384 | D        | Found a glowing silver altar of Zin.
   384 | D        | Found a glowing golden altar of the Shining One.
   384 | D        | Found an ancient bone altar of Kikubaaqudgha.
   384 | D        | Found a basalt altar of Yredelemnul.
   384 | D        | Found a shimmering altar of Xom.
   384 | D        | Found a radiant altar of Vehumet.
   384 | D        | Found an iron altar of Okawaru.
   385 | D        | Found a burning altar of Makhleb.
   386 | D        | Found a deep blue altar of Sif Muna.
   387 | D        | Found a bloodstained altar of Trog.
   388 | D        | Found a sparkling altar of Nemelex Xobeh.
   389 | D        | Found a white marble altar of Elyvilon.
   390 | D        | Found a roughly hewn altar of Beogh.
   391 | D        | Found a viscous altar of Jiyva.
   392 | D        | Found a corrupted altar of Lugonu.
   393 | D        | Found a blossoming altar of Fedhas.
   395 | D        | Became a worshipper of Warmaster Okawaru
   397 | D        | Found a snail-covered altar of Cheibriados.
   398 | D        | Found a shadowy altar of Dithmenos.
   399 | D        | Found a stormy altar of Qazlal.
   400 | D        | Found an opulent altar of Gozag.
   401 | D        | Found a sacrificial altar of Ru.
   435 | D        | Learned a level 3 spell: Mephitic Cloud
   619 | D        | Noticed an ogre
   619 | D        | Noticed a hippogriff
   619 | D        | Noticed a troll
   619 | D        | Noticed a jelly
   622 | D        | Killed a jelly
   622 | D        | Reached XP level 5. HP: 44/50 MP: 19/21
   623 | D        | Killed a hippogriff
   623 | D        | Reached skill level 5 in Fighting
   623 | D        | Reached XP level 6. HP: 49/67 MP: 20/23
   629 | D        | Killed an ogre
   629 | D        | Reached skill level 11 in Maces & Flails
   638 | D        | Killed a troll
   638 | D        | Acquired Okawaru's first power
   638 | D        | Reached skill level 13 in Maces & Flails
   638 | D        | Reached XP level 7. HP: 18/81 MP: 20/24
   911 | D        | Noticed an eye of draining
   911 | D        | Noticed a necrophage
   911 | D        | Noticed an ice beast
   911 | D        | Noticed a hound
   915 | D        | Killed a hound
   920 | D        | Killed an ice beast
   932 | D        | Killed a necrophage
   937 | D        | Killed an eye of draining
   937 | D        | Reached XP level 8. HP: 89/89 MP: 2/26
  1060 | D        | Noticed a giant frog
  1060 | D        | Noticed a crocodile
  1060 | D        | Noticed an iguana
  1060 | D        | Noticed a water moccasin
  1060 | D        | Noticed a spiny frog
  1069 | D        | Killed a spiny frog
  1069 | D        | Reached skill level 15 in Maces & Flails
  1075 | D        | Killed a water moccasin
  1079 | D        | Killed an iguana
  1083 | D        | Killed a crocodile
  1083 | D        | Reached skill level 16 in Maces & Flails
  1084 | D        | Killed a giant frog
  1086 | D        | Noticed a spiny frog
  1102 | D        | HP: 4/89 [spiny frog (13)]
  1105 | D        | Slain by a spiny frog

Action                   |  1- 3 |  4- 6 |  7- 9 || total
-------------------------+-------+-------+-------++-------
Melee: Unarmed           |    22 |     4 |       ||    26
       Dagger            |    17 |     5 |       ||    22
       Dire flail        |       |     1 |    70 ||    71
 Cast: Sting             |     7 |     1 |       ||     8
Evoke: Wand              |       |     5 |       ||     5
  Use: Potion            |     2 |       |     2 ||     4
  Eat: Chunk             |       |       |     1 ||     1
